 Dungeon Crawl Stone Soup version 0.29.0-4-gdea44cf6ec (webtiles) character file.

Game seed: 17974555316285592882

1053 qw the Grappler (level 8, -6/75 HPs)
             Began as a Troll Cinder Acolyte on Sept 1, 2022.
             Was a High Priest of Ignis.
             Killed from afar by an electric eel (7 damage)
             ... with a bolt of electricity
             ... on level 6 of the Dungeon.
             The game lasted 00:01:41 (4095 turns).

qw the Grappler (Troll Cinder Acolyte)              Turns: 4095, Time: 00:01:41

Health: -6/75      AC: 14    Str: 25    XL:     8   Next: 5%
Magic:  8/8        EV:  9    Int: 10    God:    Ignis [*****.]
Gold:   330        SH:  0    Dex:  5    Spells: 9/9 levels left

rFire   + . .      SeeInvis .     - Unarmed
rCold   + . .      Faith    .   (no shield)
rNeg    . . .      Spirit   .   a - +0 robe
rPois   .          Reflect  .   (helmet restricted)
rElec   .          Harm     .   f - +2 cloak {Will+}
rCorr   .          Rampage  .   (gloves unavailable)
Will    ++...                   (boots unavailable)
Stlth   +.........              k - amulet of regeneration
HPRegen 1.82/turn               j - ring of willpower
MPRegen 0.11/turn               g - ring of protection from cold

@: about to teleport, fiery-armoured, very slow
A: large, unfitting armour, claws 3, regeneration 1, shaggy fur 1, tough skin 1
a: Renounce Religion, Fiery Armour, Foxfire Swarm, Rising Flame


You were on level 6 of the Dungeon.
You worshipped Ignis.
Ignis was extremely pleased with you.
You visited 1 branch of the dungeon, and saw 6 of its levels.

You collected 330 gold pieces.


Innate Abilities, Weirdness & Mutations

You are too large for most types of armour.
You have claws for hands.
Your natural rate of healing is unusually fast.
You are covered in fur. (AC +1)
You have tough skin. (AC +1)


   Skills:
 - Level 3.1 Fighting
 - Level 3.2 Throwing
 + Level 8.8 Unarmed Combat
 - Level 1.0 Spellcasting
 - Level 2.1 Fire Magic


You had 9 spell levels left.
You didn't know any spells.
Your spell library contained the following spells:

 Spells                   Type           Power      Damage    Failure   Level
 Scorch                   Fire           8%         2d5       22%         2

Inventory:

Missiles
 c - 3 large rocks (quivered)
Armour
 a - a +0 robe (worn)
 f - a +2 cloak of willpower (worn)
Jewellery
 b - a ring of ice
 g - a ring of protection from cold (right claw)
 j - a ring of willpower (left claw)
 k - an amulet of regeneration (around neck)
Scrolls
 h - 3 scrolls of identify
 i - 6 scrolls of teleportation
 m - a scroll of enchant armour {unknown}
 n - a scroll of amnesia {unknown}
 r - a scroll of fear {unknown}
Potions
 d - 2 potions of curing
 e - 2 potions of resistance
 l - 2 potions of cancellation {unknown}
 o - 2 potions of mutation
 p - 2 potions of flight {unknown}
 q - a potion of might

Dungeon Overview and Level Annotations

Branches:
Dungeon (6/15)
 Temple: D:4-7

Altars:
Elyvilon
Kikubaaqudgha
Uskayaw
The Shining One

Annotations:
D:3 2 transporters, qw's ghost, amateur TrCA


Message History

You see here a necrophage corpse.
An electric eel comes into view.
The electric eel shoots out a bolt of lightning at you!
The bolt of electricity hits you!
The electric eel shoots out a bolt of lightning at you!
The bolt of electricity hits you!
4091 ||| INVOKING Fiery Armour.
A protective cloak of flame settles atop you.
The electric eel shoots out a bolt of lightning at you!
The bolt of electricity hits you!
The electric eel shoots out a bolt of lightning at you!
The bolt of electricity hits the electric eel.
The electric eel completely resists.
The bolt of electricity hits you!
The electric eel shoots out a bolt of lightning at you!
The bolt of electricity hits you but does no damage.
The electric eel shoots out a bolt of lightning at you!
The bolt of electricity hits the electric eel.
The electric eel completely resists.
The bolt of electricity misses you.
The electric eel shoots out a bolt of lightning at you!
The bolt of electricity hits you!
The electric eel shoots out a bolt of lightning at you!
The bolt of electricity hits you.
The electric eel shoots out a bolt of lightning at you!
The bolt of electricity hits the electric eel.
The electric eel completely resists.
The bolt of electricity hits you!
The electric eel shoots out a bolt of lightning at you!
The bolt of electricity hits you!
The electric eel shoots out a bolt of lightning at you!
The bolt of electricity misses you.
4095 ||| READING 7 scrolls of teleportation.
As you read the scroll of teleportation, it crumbles to dust.
You feel strangely unstable.
The electric eel shoots out a bolt of lightning at you!
The bolt of electricity hits the electric eel.
The electric eel completely resists.
The bolt of electricity hits the electric eel.
The electric eel completely resists.
The bolt of electricity hits you!
The electric eel shoots out a bolt of lightning at you!
The bolt of electricity hits you!
You die...

..................#.'....# #....
..................'.'....# #..^.
..................###....## #..>.
.#...#...#...#....#######.###....
###.###.###.###.~##~## ##~##....
~~~# ~~ ~~ #.~~##~~####~~##....
~~.~ ~~~~##~~~~~##~~~#.... ~~
.~#.##~~~~~%~#~~~#....
#..##@~~~~~~~#~~~#####
#S~~~~~~~%~~~~# #
#~S~~~~~~~~~~~~# #
#~S~~~~~.#~~~~~~# #
#~~.~~~~.P#~~~~~~#####
#~~~P.~~..P#~~~~~~#....
#~~~.######.#~~#~~~#.### ~~P..
.#~~#~~~#.#.# #~~##~##.#..


You could see 3 electric eels.

Vanquished Creatures
  Edmund (D:6)
  An ice beast (D:5)
  2 phantoms (D:5)
  A bullfrog (D:6)
  2 necrophages
  An electric eel (D:6)
  An orc priest (D:3)
  A hound (D:5)
  3 jellies
  Jessica (D:2)
  4 iguanas
  Natasha (twice) (D:2)
  3 gnolls (D:6)
  4 adders
  A white imp (D:5)
  A worm (D:2)
  2 dart slugs
  4 orcs
  2 ball pythons
  6 endoplasms
  A giant cockroach (D:1)
  5 goblins
  11 hobgoblins
  4 kobolds
  A quokka (D:3)
  8 bats
  4 frilled lizards
  4 rats
81 creatures vanquished.

Vanquished Creatures (others)
  6 plants (D:3)
6 creatures vanquished.

Grand Total: 87 creatures vanquished

Notes
Turn   | Place    | Note
-------+----------+-------------------------------------------
     0 | D:1      | qw the Troll Cinder Acolyte began the quest for the Orb.
     0 | D:1      | Reached XP level 1. HP: 22/22 MP: 1/1
     0 | D:1      | 0 ||| qw: Version: 0.1-a-97-g2dd2ca4
     0 | D:1      | 0 ||| qw: Game counter: 4750
     0 | D:1      | 0 ||| qw: Always use a shield: true
     0 | D:1      | 0 ||| qw: God list: Okawaru
     0 | D:1      | 0 ||| qw: Allow faded altars: false
     0 | D:1      | 0 ||| qw: Do Orc after D:15 true
     0 | D:1      | 0 ||| qw: Do second Lair branch before Depths: true
     0 | D:1      | 0 ||| qw: Lair rune preference: random
     0 | D:1      | 0 ||| qw: Plans: Normal
     0 | D:1      | 0 ||| PLANNING D:1-11
    11 | D:1      | 11 ||| Stepping ~*~*~tactically~*~*~ (stealth).
   151 | D:1      | Reached XP level 2. HP: 29/29 MP: 2/2
   278 | D:1      | Found a faded altar of an unknown god.
   487 | D:1      | 487 ||| Stepping ~*~*~tactically~*~*~ (hiding).
   489 | D:1      | 489 ||| Stepping ~*~*~tactically~*~*~ (hiding).
   598 | D:1      | Reached skill level 1 in Throwing
   789 | D:1      | 789 ||| READING scroll labelled ZUTECLAWOR.
   854 | D:2      | Reached skill level 4 in Unarmed Combat
   854 | D:2      | Reached XP level 3. HP: 36/36 MP: 3/3
  1035 | D:2      | Noticed Jessica
  1039 | D:2      | Killed Jessica
  1104 | D:2      | 1104 ||| Stepping ~*~*~tactically~*~*~ (stealth).
  1111 | D:2      | Reached XP level 4. HP: 40/44 MP: 4/4
  1169 | D:2      | Reached skill level 5 in Unarmed Combat
  1274 | D:2      | Noticed Natasha
  1279 | D:2      | Killed Natasha
  1571 | D:2      | 1571 ||| UPGRADING to +0 cloak.
  1576 | D:2      | 1576 ||| READING 4 scrolls labelled DUOMEO VUESIEL.
  1580 | D:2      | 1580 ||| READING scroll labelled GYW BOUGGAFF.
  1581 | D:2      | 1581 ||| READING scroll labelled FISHEEMATAP.
  1582 | D:2      | 1582 ||| READING 2 scrolls labelled BEYNWU XYTO.
  1583 | D:2      | 1583 ||| READING scroll labelled WUENUEGUDI.
  1584 | D:2      | 1584 ||| READING scroll labelled TICKYOWOTS.
  1585 | D:2      | 1585 ||| DRINKING 2 lumpy clear potions.
  1586 | D:2      | 1586 ||| DROPPING scroll of noise.
  1587 | D:2      | 1587 ||| READING 3 scrolls of teleportation.
  1590 | D:2      | Noticed Natasha
  1592 | D:2      | Killed Natasha
  1593 | D:2      | Reached XP level 5. HP: 43/50 MP: 5/5
  1673 | D:3      | 1673 ||| Stepping ~*~*~tactically~*~*~ (hiding).
  1674 | D:3      | 1674 ||| Stepping ~*~*~tactically~*~*~ (hiding).
  1684 | D:3      | 1684 ||| FLEEEEING.
  1685 | D:3      | 1685 ||| FLEEEEING.
  1686 | D:3      | 1686 ||| FLEEEEING.
  1687 | D:3      | 1687 ||| FLEEEEING.
  1688 | D:3      | 1688 ||| FLEEEEING.
  1689 | D:3      | 1689 ||| FLEEEEING.
  1690 | D:3      | 1690 ||| FLEEEEING.
  1712 | D:3      | Found a transporter.
  1870 | D:3      | Noticed qw's ghost (amateur TrCA)
  1892 | D:3      | Found a transporter.
  1918 | D:3      | Reached skill level 6 in Unarmed Combat
  2209 | D:3      | 2209 ||| READING scroll labelled IFEXKI RAUT.
  2210 | D:3      | 2210 ||| DRINKING 2 clear potions.
  2211 | D:3      | 2211 ||| READING 4 scrolls of identify.
  2211 | D:3      | 2211 ||| IDENTIFYING coppery potion
  2212 | D:3      | 2212 ||| READING 3 scrolls of identify.
  2212 | D:3      | 2212 ||| IDENTIFYING amethyst potion
  2213 | D:3      | 2213 ||| READING 2 scrolls of identify.
  2213 | D:3      | 2213 ||| IDENTIFYING silvery potion
  2214 | D:3      | 2214 ||| DROPPING potion of attraction.
  2215 | D:3      | 2215 ||| DROPPING potion of brilliance.
  2216 | D:3      | 2216 ||| DROPPING potion of invisibility.
  2251 | D:4      | Found a white marble altar of Elyvilon.
  2321 | D:4      | Noticed a +0 hand axe
  2321 | D:4      | Noticed a +0 dagger
  2323 | D:4      | Found a hide-covered altar of Uskayaw.
  2427 | D:4      | Found a glowing golden altar of the Shining One.
  2515 | D:4      | 2515 ||| Stepping ~*~*~tactically~*~*~ (stealth).
  2520 | D:4      | 2520 ||| FLEEEEING.
  2521 | D:4      | 2521 ||| FLEEEEING.
  2523 | D:4      | Reached XP level 6. HP: 57/59 MP: 6/6
  2765 | D:4      | 2765 ||| UPGRADING to +2 cloak of willpower.
  2775 | D:4      | 2775 ||| DROPPING +0 cloak.
  2776 | D:4      | 2776 ||| UPGRADING to ring of willpower.
  2777 | D:4      | 2777 ||| DRINKING 2 fuming silvery potions.
  2778 | D:4      | 2778 ||| READING 3 scrolls of identify.
  2778 | D:4      | 2778 ||| IDENTIFYING fuming cyan potion
  2779 | D:4      | 2779 ||| READING 2 scrolls of identify.
  2779 | D:4      | 2779 ||| IDENTIFYING black potion
  2780 | D:4      | 2780 ||| DROPPING potion of degeneration.
  2801 | D:5      | Entered Level 5 of the Dungeon
  2903 | D:5      | Noticed an ice beast
  2911 | D:5      | Killed an ice beast
  2912 | D:5      | Reached skill level 7 in Unarmed Combat
  2968 | D:5      | Reached XP level 7. HP: 66/66 MP: 7/7
  3232 | D:5      | Reached skill level 8 in Unarmed Combat
  3253 | D:5      | Found an ancient bone altar of Kikubaaqudgha.
  3282 | D:5      | 3282 ||| UPGRADING to amulet of regeneration.
  3287 | D:5      | 3287 ||| UPGRADING to ring of protection from cold.
  3393 | D:6      | Reached skill level 3 in Fighting
  3448 | D:6      | Noticed Edmund
  3458 | D:6      | Killed Edmund
  3652 | D:6      | 3652 ||| Stepping ~*~*~tactically~*~*~ (outnumbered).
  4066 | D:6      | Reached skill level 3 in Throwing
  4066 | D:6      | Reached XP level 8. HP: 73/75 MP: 8/8
  4091 | D:6      | 4091 ||| INVOKING Fiery Armour.
  4094 | D:6      | HP: 7/75 [electric eel/bolt of electricity (15)]
  4095 | D:6      | 4095 ||| READING 7 scrolls of teleportation.
  4095 | D:6      | HP: 1/75 [electric eel/bolt of electricity (8)]
  4095 | D:6      | Killed from afar by an electric eel

Levels and vault maps discovered:
D:1:      wander_arrival_abandoned_jail, layout_loops_ring,
          chequers_ecumenical_altar_lobes
D:2:      layout_basic, minmay_hexomino_c4, uniq_jessica, uniq_natasha
D:3:      layout_loops_cross, gammafunk_ghost_gnarly_gnolls
D:4:      layout_loops_ring, mainiacjoe_overflow_alcove_4,
          dancing_weapons_uskayaw, elyvilon_altar_4
D:5:      layout_cave_pools, nicolae_kikubaaqudgha_miasma_corner
D:6:      wad_lake_hut, layout_basic, uniq_edmund

Skill      XL: |  1  2  3  4  5  6  7 |
---------------+----------------------+-----
Throwing       | 1 2 3 |  3.2
Unarmed Combat | 4 5 6 7 8 |  8.8
Fighting       | 3 |  3.1
Spellcasting   | |  1.0
Fire Magic     | |  2.1

Action                   |  1- 3 |  4- 6 |  7- 9 || total
-------------------------+-------+-------+-------++-------
Melee: Unarmed           |    45 |    70 |    63 ||   178
       Punch             |     2 |     3 |     1 ||     6
Throw: Large rock        |    19 |    40 |     7 ||    66
Invok: Fiery Armour      |       |       |     1 ||     1
  Use: Scroll            |     1 |    13 |     1 ||    15
       Potion            |       |     3 |       ||     3
Armor: Robe              |    15 |    19 |    10 ||    44
Dodge: Dodged            |    18 |    22 |    18 ||    58

Table legend:
 A = Non-vault XP
 B = Vault XP
 C = Vault XP percentage of total XP
 D = Non-vault monster count
 E = Vault monster count
 F = Vault count percentage of total count
                 A         B        C        D         E       F
            +---------+---------+-------+---------+---------+-------
      Total |    1246 |     259 |  17.2 |      73 |       8 |   9.9
            +---------+---------+-------+---------+---------+-------
        D:1 |      40 |       0 |   0.0 |      23 |       0 |   0.0
        D:2 |      71 |      93 |  56.7 |      14 |       7 |  33.3
        D:3 |      60 |       0 |   0.0 |       9 |       0 |   0.0
        D:4 |     126 |       0 |   0.0 |       8 |       0 |   0.0
        D:5 |     598 |       0 |   0.0 |      11 |       0 |   0.0
        D:6 |     351 |     166 |  32.1 |       8 |       1 |  11.1
            +---------+---------+-------+---------+---------+-------
